 Dungeon Crawl Stone Soup version 0.31-a0-246-g8cbcc1cb85 (webtiles) character file.

Game seed: 1040717978610503393

234 Iniera the Sneak (level 5, 0/35 HPs)
             Began as a Vampire Venom Mage on July 13, 2023.
             Was an Initiate of Dithmenos.
             Slain by a sleepcap (8 damage)
             ... on level 5 of the Dungeon.
             The game lasted 00:05:05 (3271 turns).

Iniera the Sneak (Vampire Venom Mage)               Turns: 3271, Time: 00:05:05

Health: 0/35       AC:  2    Str: 13    XL:     5   Next: 75%
Magic:  8/8        EV: 13    Int: 19    God:    Dithmenos [......]
Gold:   153        SH:  0    Dex: 15    Spells: 3/9 levels left

rFire   . . .        e - +1 dagger (elec)
rCold   . . .        (no shield)
rNeg    . . .        a - +0 robe
rPois   .            (no helmet)
rElec   .            (no cloak)
rCorr   .            (no gloves)
SInv    +            (no boots)
Will    .....        (no amulet)
Stlth   +++          f - +6 ring of strength
HPRegen 0.45/turn    (no ring)
MPRegen 0.11/turn

%: no passive effects
@: healing quickly
A: alive, fangs 3, see invisible, vampiric 2
a: Exsanguinate, Renounce Religion


You were on level 5 of the Dungeon.
You worshipped Dithmenos.
Dithmenos was noncommittal.
You visited 2 branches of the dungeon, and saw 6 of its levels.

You collected 153 gold pieces.

Inventory:

Hand Weapons
 e - a +1 dagger of electrocution (weapon)
Armour
 a - a +0 robe (worn)
Magical Staves
 m - a staff of air
Jewellery
 f - a +6 ring of strength (left hand)
Scrolls
 c - 3 scrolls of teleportation
 g - a scroll of revelation
 h - 3 scrolls of identify
 i - a scroll of silence {unknown}
 k - a scroll of enchant weapon {unknown}
 l - 2 scrolls of poison {unknown}
Potions
 b - a potion of magic
 d - a potion of resistance


   Skills:
 + Level 0.7 Short Blades
 - Level 3.2 Dodging
 * Level 5.0 Stealth
 - Level 2.6 Spellcasting
 - Level 1.1 Conjurations
 - Level 2.5 Transmutations
 - Level 1.5 Air Magic
 - Level 3.2 Poison Magic


You had 3 spell levels left.
You knew the following spells:

 Your Spells              Type           Power      Damage    Failure   Level
a - Sting                 Tmut/Pois      52%        1d5       4%          1
b - Poisonous Vapours     Pois/Air       22%        N/A       9%          2
c - Mephitic Cloud        Conj/Pois/Air  10%        N/A       22%         3

Your spell library contained the following spells:

 Spells                   Type           Power      Damage    Failure   Level
 Passwall                 Tmut/Erth      5%         N/A       14%         2
 Ensorcelled Hibernation  Hex/Ice        4%         N/A       24%         2
 Swiftness                Air            8%         N/A       26%         3
 Olgreb's Toxic Radiance  Pois           14%        N/A       38%         4
 Animate Dead             Necr           2%         N/A       85%         4
 Summon Ice Beast         Ice/Summ       2%         N/A       85%         4
 Summon Mana Viper        Hex/Summ       2%         N/A       99%         5
 Haunt                    Necr/Summ      1%         N/A       100%        7
 Monstrous Menagerie      Summ           1%         N/A       100%        7
 Infestation              Necr           1%         N/A       100%        8


Dungeon Overview and Level Annotations

Branches:
Dungeon (5/15)             Temple (1/1) D:4

Altars:
Ashenzari
Cheibriados
Dithmenos
Fedhas
Gozag
Okawaru
Ru
Trog
Uskayaw
Vehumet
Xom
Yredelemnul


Innate Abilities, Weirdness & Mutations

Your natural rate of healing is accelerated.
You have razor-sharp teeth.
You have supernaturally acute eyesight. (SInv)
You are afflicted with vampirism and can become a bat while bloodless.


Message History

A sleepcap is nearby!
The sleepcap misses you.
You hit the sleepcap but do no damage. Lightning courses through the sleepcap!
The sleepcap is heavily damaged.
You hit the sleepcap but do no damage.
The sleepcap is heavily damaged.
The sleepcap releases spores at you.
You hit the sleepcap but do no damage.
The sleepcap is heavily damaged.
The sleepcap barely misses you.
You hit the sleepcap but do no damage.
The sleepcap is heavily damaged.
The sleepcap barely misses you.
You hit the sleepcap.
The sleepcap is severely damaged.
The sleepcap releases spores at you!
You are engulfed in a cloud of soporific spores!
You fall asleep.
The sleepcap releases spores at you!
You wake up.
Unknown command.
You hit the sleepcap but do no damage. You bite the sleepcap.
The sleepcap is severely damaged.
The sleepcap barely misses you.
You hit the sleepcap but do no damage.
You bite the sleepcap, but do no damage.
The sleepcap is severely damaged.
The sleepcap completely misses you.
You hit the sleepcap but do no damage.
The sleepcap is severely damaged.
The sleepcap releases spores at you.
You hit the sleepcap.
The sleepcap is severely damaged.
The sleepcap releases spores at you.
* * * LOW HITPOINT WARNING * * *
You are engulfed in a cloud of soporific spores!
You are unaffected.
You hit the sleepcap.
The sleepcap is severely damaged.
The sleepcap releases spores at you!
You die...

#. # #. ###
#.#. ...##
#.#.#+###.....
###............
.............
#......f#.##
+..<.<@....+
#######.#.## .#
.# .# .# .# .#


You could see a sleepcap.

Vanquished Creatures
  A scorpion (D:4)
  A gnoll bouda (D:4)
  An iguana (D:4)
  3 gnolls (D:4)
  2 adders
  3 worms
  3 dart slugs
  4 orcs (D:3)
  4 ball pythons
  4 endoplasms
  A giant cockroach (D:3)
  5 goblins
  8 hobgoblins
  2 jackals (D:4)
  2 quokkas (D:3)
  4 bats
  2 frilled lizards
  9 kobolds
  2 rats (D:2)
61 creatures vanquished.

Notes
Turn   | Place    | Note
-------+----------+-------------------------------------------
     0 | D:1      | Iniera the Vampire Venom Mage began the quest for the Orb.
     0 | D:1      | Reached XP level 1. HP: 13/13 MP: 3/3
   336 | D:1      | Reached XP level 2. HP: 17/19 MP: 1/5
   430 | D:1      | Found a faded altar of an unknown god.
  1231 | D:2      | Gained mutation: You are afflicted with vampirism and can
                  | become a bat while bloodless. [Vampire growth]
  1231 | D:2      | Reached XP level 3. HP: 22/24 MP: 6/6
  1699 | D:3      | Reached skill level 1 in Air Magic
  1836 | D:3      | Reached XP level 4. HP: 11/30 MP: 1/7
  2295 | D:4      | Found an iron altar of Okawaru.
  2297 | D:4      | Noticed a scorpion
  2304 | D:4      | Killed a scorpion
  2305 | D:4      | Reached skill level 4 in Stealth
  2305 | D:4      | Reached skill level 1 in Conjurations
  2311 | D:4      | Learned a level 2 spell: Poisonous Vapours
  2315 | D:4      | Learned a level 3 spell: Mephitic Cloud
  2376 | D:4      | Reached XP level 5. HP: 35/35 MP: 8/8
  2423 | D:4      | Found a blossoming altar of Fedhas.
  2667 | D:4      | Found a staircase to the Ecumenical Temple.
  2676 | Temple   | Entered the Ecumenical Temple
  2731 | Temple   | Became a worshipper of Dithmenos the Shadowed
  2806 | D:4      | Found a broken altar of Ashenzari.
  3172 | D:4      | Reached skill level 5 in Stealth
  3259 | D:5      | Entered Level 5 of the Dungeon
  3271 | D:5      | Slain by a sleepcap

Illustrated notes

Levels and vault maps discovered:
D:1:      amcnicky_arrival_gap_in_the_tavern_cellar, layout_basic,
          shapermc_ecumenical_altar_gd
D:2:      layout_rooms, serial_glass, glass_columns_b, glass_columns_b,
          glass_columns_a, glass_columns_a, glass_columns_c, glass_columns_c,
          glass_columns_c, glass_columns_b, minmay_strange_pillars
D:3:      layout_rooms
D:4:      layout_loops_cross, okawaru_metal_pillars_1_2, fedhas_altar_3,
          ashenzari_conservatory_becter, minmay_temple_entry_mist,
          kennysheep_generic_room_12
D:5:      minmay_razor_zed, layout_basic, nicolae_sif_muna_little_library,
          mainiacjoe_overflow_alcove_4, serial_shops, nicolae_shop_tiny_glass,
          kennysheep_diamond, hangedman_decor_push
Temple:   cyrus_temple_forest

Skill      XL: |  1  2  3  4  5 |
---------------+----------------+-----
Air Magic      | 1 |  1.5
Transmutations | 2 |  2.5
Poison Magic   | 3 |  3.2
Dodging        | 3 |  3.2
Stealth        | 4 5 |  5.0
Conjurations   | 1 |  1.1
Short Blades   | |  0.7
Spellcasting   | |  2.6

Action                     |  1- 3 |  4- 6 || total
---------------------------+-------+-------++-------
  Melee: Unarmed           |     1 |       ||     1
         Short sword       |    14 |       ||    14
         Dagger            |    26 |    61 ||    87
         Bite              |     5 |     6 ||    11
   Cast: Sting             |    64 |    30 ||    94
         Poisonous Vapours |       |     3 ||     3
         Mephitic Cloud    |       |     1 ||     1
    Use: Scroll            |     3 |       ||     3
         Potion            |       |     2 ||     2
   Stab: Sleeping          |     1 |     5 ||     6
 Armour: Robe              |    18 |     3 ||    21
  Dodge: Dodged            |    61 |    57 ||   118

Table legend: (Time is in decaauts)
 A = Elapsed time spent in this place.
 B = Non-inter-level travel time spent in this place.
 C = Inter-level travel time spent in this place.
 D = Time resting spent in this place.
 E = Time spent auto-exploring this place.
 F = Levels seen in this place.
 G = Mean time per level.
                   A        B        C        D        E       F      G
               +--------+--------+--------+--------+--------+-----+--------+
         Total |   3271 |   3150 |    121 |    126 |   2481 |   6 |  545.2 |
       Dungeon |   3186 |   3106 |     80 |    126 |   2443 |   5 |  637.2 |
        Temple |     85 |     45 |     40 |      0 |     38 |   1 |   85.0 |
               +--------+--------+--------+--------+--------+-----+--------+

Top non-repeatable levels by time:
     D:1: 937 daAuts
     D:4: 881 daAuts
     D:3: 723 daAuts
     D:2: 632 daAuts
  Temple: 85 daAuts
     D:5: 11 daAuts
